 Dungeon Crawl Stone Soup version 0.27-a0-124-g19cb506db8 (webtiles) character file.

Game seed: 12555557676512801468

947 gimp the Chopper (level 7, -1/61 HPs)
             Began as a Demigod Wanderer on Jan 25, 2021.
             Slain by a wyvern (10 damage)
             ... on level 5 of the Dungeon.
             The game lasted 00:12:49 (5618 turns).

gimp the Chopper (Demigod Wanderer)                 Turns: 5618, Time: 00:12:49

Health: -1/61      AC:  9    Str: 20    XL:     7   Next: 58%
Magic:  9/9        EV:  7    Int: 15    God:
Gold:   183        SH:  7    Dex: 15    Spells: 6/6 levels left

rFire    . . .     SeeInvis .   a - +5 hand axe
rCold    . . .     Faith    .   A - +2 buckler
rNeg     . . .     Spirit   .   B - +0 chain mail
rPois    .         Reflect  .   (no helmet)
rElec    .         Harm     .   s - +0 cloak (curse)
rCorr    .         Rampage  .   (no gloves)
Will     .....                  (no boots)
Stlth    ..........             (no amulet)
HPRegen  0.20/turn              u - ring of wizardry
MPRegen  0.11/turn              (no ring)

@: mighty, attractive, hasted, very quick
A: high mp 1
a: no special abilities


You were on level 5 of the Dungeon.
You visited 1 branch of the dungeon, and saw 5 of its levels.

You collected 183 gold pieces.

Inventory:

Hand Weapons
 a - a +5 hand axe (weapon)
 b - a +0 hunting sling
Missiles
 g - 119 stones (quivered)
 h - 43 sling bullets
Armour
 f - a +2 leather armour of cold resistance
 m - a +0 plate armour
 n - a +0 tower shield
 p - a +0 cloak
 s - a cursed +0 cloak (worn)
 A - a +2 buckler (worn)
 B - a +0 chain mail (worn)
Jewellery
 u - a ring of wizardry (left hand)
 D - a cursed ring of attention {unknown}
Wands
 y - a wand of random effects (11)
Scrolls
 d - 3 scrolls of teleportation
 i - a scroll of immolation {unknown}
 k - a scroll of magic mapping
 l - 2 scrolls of remove curse
 q - a scroll of fear
 C - a scroll of blinking {unknown}
 E - a scroll of amnesia {unknown}
Potions
 e - 2 potions of cancellation
 o - 2 potions of brilliance
 r - a potion of magic
 t - a potion of resistance


   Skills:
 - Level 5.0 Fighting
 * Level 5.4(5.5) Axes
 - Level 1.0(3.5) Polearms
 - Level 1.7 Slings
 - Level 2.3 Armour
 - Level 1.7 Stealth
 + Level 3.9 Shields
 - Level 1.0 Evocations


You had 6 spell levels left.
You didn't know any spells.
Your spell library was empty.

Dungeon Overview and Level Annotations

Branches:
Dungeon (5/15)             Temple (0/1) D:4

Annotations:
D:2 Sigmund, Terence


Innate Abilities, Weirdness & Mutations

You have an increased reservoir of magic. (+10% MP)


Message History

You block the wyvern's attack. x2
You barely miss the wyvern.
The wyvern is moderately wounded.
The wyvern barely misses you. The wyvern bites you!
* * * LOW HITPOINT WARNING * * *
You take 15 damage, and have 15/61 hp.
MASSIVE DAMAGE!!
You feel yourself speed up. The wyvern barely misses you.
You completely miss the wyvern.
The wyvern is moderately wounded.
The wyvern bites you!
* * * LOW HITPOINT WARNING * * *
You take 8 damage, and have 7/61 hp.
It was a potion of attraction.
You feel attractive to monsters. You block the wyvern's attack.
You feel better. The wyvern bites you!
* * * LOW HITPOINT WARNING * * *
You feel very mighty all of a sudden. The wyvern bites you!
You die...

.# .# #.#### ##
..... .##
####..##### #.#
#c5)c5..... #.#
########
#c##...###. #.#
#......# #l#
....# .##
#.####.# #@#
...## ## #.#
##.####.# .....
# #.# #.......#
#.#### #
#.###..###### ##
# #......# #
#..##..## #
#.......## #
##.##....#
#######.#....###


You could see a wyvern, 2 centaurs and a shadow imp.

Vanquished Creatures
  An ogre (D:5)
  2 scorpions (D:5)
  4 hounds
  4 orc priests
  3 orc wizards
  An iguana (D:5)
  8 worker ants
  A killer bee zombie (D:5)
  A hound zombie (D:5)
  5 adders
  A shadow imp (D:5)
  An ooze (D:3)
  2 adder skeletons
  The ghost of Snicker the Sneak, a weakling DsDe (D:5)
  2 dart slugs
  4 leopard geckos
  32 orcs
  4 bats
  5 giant cockroaches
  3 goblins
  3 hobgoblins
  4 jackals (D:5)
  A quokka (D:4)
  3 frilled lizards
  6 kobolds
  6 rats
  A butterfly (D:3)
109 creatures vanquished.

Notes
Turn   | Place    | Note
-------+----------+-------------------------------------------
     0 | D:1      | gimp the Demigod Wanderer began the quest for the Orb.
     0 | D:1      | gimp set off with the following items: a +2 dagger, a
                  | potion of berserk rage, a +0 spear, a scroll of
                  | teleportation, a +0 robe
     0 | D:1      | Reached XP level 1. HP: 19/19 MP: 3/3
   211 | D:1      | Reached XP level 2. HP: 27/27 MP: 4/4
   755 | D:2      | Reached skill level 1 in Slings
   783 | D:2      | Reached XP level 3. HP: 32/33 MP: 5/5
  1140 | D:2      | Noticed Sigmund
  1198 | D:2      | Noticed Terence
  1522 | D:3      | Reached XP level 4. HP: 27/40 MP: 6/6
  1779 | D:3      | Found a shimmering blue altar of Sif Muna.
  2113 | D:3      | Found a shimmering altar of Xom.
  2526 | D:3      | Reached skill level 1 in Axes
  3249 | D:4      | Found a staircase to the Ecumenical Temple.
  3293 | D:4      | Reached XP level 5. HP: 46/47 MP: 7/7
  3775 | D:4      | Reached XP level 6. HP: 55/55 MP: 8/8
  4218 | D:5      | Entered Level 5 of the Dungeon
  4375 | D:5      | Reached skill level 5 in Fighting
  4608 | D:5      | Reached XP level 7. HP: 51/61 MP: 9/9
  5068 | D:5      | Reached skill level 5 in Axes
  5321 | D:5      | Found a runed translucent gate.
  5362 | D:5      | Found a runed translucent gate.
  5362 | D:5      | Found a runed translucent gate.
  5368 | D:5      | Noticed Snicker's ghost (weakling DsDe)
  5370 | D:5      | Found a roughly hewn altar of Beogh.
  5381 | D:5      | Killed Snicker's ghost
  5467 | D:5      | Found a basalt altar of Yredelemnul.
  5601 | D:5      | Noticed a wyvern
  5618 | D:5      | Slain by a wyvern

Illustrated notes

Levels and vault maps discovered:
D:1:      dpeg_arrival_pond, layout_basic
D:2:      layout_basic, uniq_terence, uniq_natasha, uniq_sigmund
D:3:      layout_basic, xom_butterflies, general_overflow_altar
D:4:      layout_cave_pods, minmay_temple_entry_enclosed_plants, serial_glass,
          glass_columns_c, glass_columns_a, due_unseen_surprise,
          feat_on_display, item_on_display_a
D:5:      minmay_opposing_rooms, layout_loops_corners, kennysheep_mini_moat,
          serial_shops, shop, kennysheep_little_box,
          nicolae_shop_window_shopping, biasface_ghost_orc_armoury,
          minmay_manual_mares

Skill      XL: |  1  2  3  4  5  6  7 |
---------------+----------------------+-----
Slings         | 1 |  1.7
Fighting       | 4 5 |  5.0
Armour         | 2 |  2.3
Axes           | 1 2 4 5 |  5.4
Shields        | 2 3 |  3.9
Polearms       | |  1.0
Stealth        | |  1.7
Evocations     | |  1.0

Action                   |  1- 3 |  4- 6 |  7- 9 || total
-------------------------+-------+-------+-------++-------
Melee: Dagger            |    24 |     1 |       ||    25
       Hand axe          |       |   153 |    90 ||   243
 Fire: Hunting sling     |    75 |    58 |       ||   133
Evoke: Wand              |       |       |     1 ||     1
  Use: Scroll            |     1 |     6 |     1 ||     8
       Potion            |     1 |     1 |     8 ||    10
 Stab: Sleeping          |     2 |       |       ||     2
Armor: Ring mail         |    35 |    22 |       ||    57
       Chain mail        |       |    56 |    42 ||    98
Dodge: Dodged            |    37 |    72 |    23 ||   132
Block: Buckler           |       |    45 |    25 ||    70

Table legend: (Time is in decaauts)
 A = Elapsed time spent in this place.
 B = Non-inter-level travel time spent in this place.
 C = Inter-level travel time spent in this place.
 D = Time resting spent in this place.
 E = Time spent auto-exploring this place.
 F = Levels seen in this place.
 G = Mean time per level.
                   A        B        C        D        E       F      G
               +--------+--------+--------+--------+--------+-----+--------+
         Total |   5672 |   5467 |    205 |     29 |   4370 |   5 | 1134.4 |
       Dungeon |   5672 |   5467 |    205 |     29 |   4370 |   5 | 1134.4 |
               +--------+--------+--------+--------+--------+-----+--------+

Top non-repeatable levels by time:
     D:3: 1945 daAuts
     D:5: 1415 daAuts
     D:4: 1069 daAuts
     D:1: 754 daAuts
     D:2: 487 daAuts
